AoeStats
← Lim's

Arena

508197999Analyzed
4v4 RM · 9d ago on Sep 21, 2026· 38m 54s· 8 players
Game mode
Random Map
Map size
Large (8 player)
Population
200
Speed
Normal
Resources
Standard
Victory
Conquest
Starting age
Dark Age
Ending age
Imperial Age
RankedLock teamsTeams togetherTeam positionsShared explorationLock speedFull tech treeHidden civsTurbo modeCheats
Victory
Defeat
🇦🇺 Britons · Australia
959
+14
🇨🇳 Malians · China
917
+15
🇮🇩 Huns · Indonesia
863
+18
🇦🇷 Romans · Argentina
855
+18
🇳🇱 Inca · Netherlands
928
-17
🇹🇷 Gurjaras · Türkiye
902
-16
🇮🇱 Armenians · Israel
895
-16
🇩🇪 Cumans · Germany
888
-16
Bart
0:27 Loom
11:45 Feudal Age
16:18 Castle Age
14:47 Double-Bit Axe
15:04 Horse Collar
17:28 Heavy Plow
18:02 Bow Saw
Highlander
1:50 Loom
10:59 Feudal Age
11:50 Double-Bit Axe
11:55 Horse Collar
19:51 Man-at-Arms
23:06 Town Watch
25:36 Castle Age
24:27 Scale Mail Armor
25:31 Forging
26:03 Capped Ram
26:05 Long Swordsman
26:46 Squires
26:32 Arson
27:25 Iron Casting
27:06 Chain Mail Armor
27:17 Bow Saw
28:14 Scale Barding Armor
28:22 Bloodlines
28:32 Gold Mining
32:34 Chain Barding Armor
36:55 Steppe Husbandry
Derbish
2:38 Loom
10:02 Feudal Age
17:54 Castle Age
16:08 Double-Bit Axe
17:09 Stone Mining
17:17 Gold Mining
17:31 Horse Collar
22:23 Fervor
25:58 Fletching
26:47 Wheelbarrow
28:04 Fortified Wall
29:25 Bodkin Arrow
35:28 Imperial Age
34:29 Bow Saw
35:00 Gold Shaft Mining
36:54 Conscription
37:57 Chemistry
37:09 Masonry
37:21 Ballistics
36:43 Man-at-Arms
37:08 Gambesons
37:24 Squires
37:09 Arson
sonsehzadee
9:26 Feudal Age
16:53 Castle Age
14:38 Horse Collar
15:08 Double-Bit Axe
15:32 Stone Mining
20:27 Heavy Plow
21:55 Wheelbarrow
23:16 Hand Cart
29:22 Imperial Age
26:45 Loom
29:19 Husbandry
29:30 Bloodlines
30:35 Gold Mining
31:21 Stone Shaft Mining
32:49 Chemistry
32:11 Elite Shrivamsha Rider
33:44 Kshatriyas
34:41 Conscription
36:21 Scale Barding Armor
36:28 Forging
37:21 Gold Shaft Mining
坦诚哥
10:59 Feudal Age
15:05 Castle Age
13:36 Double-Bit Axe
13:43 Stone Mining
14:38 Gold Mining
14:40 Loom
14:53 Horse Collar
22:23 Arson
23:45 Bow Saw
23:50 Scale Mail Armor
24:37 Wheelbarrow
24:29 Heavy Plow
24:20 Fletching
24:43 Forging
25:57 Gold Shaft Mining
25:31 Squires
27:02 Iron Casting
29:07 Chain Mail Armor
31:33 Man-at-Arms
34:54 Fletching
36:40 Hand Cart
37:19 Bodkin Arrow
39:26 Fortified Wall
39:13 Town Watch
richnoob575
10:17 Feudal Age
11:34 Loom
14:18 Castle Age
13:05 Double-Bit Axe
20:45 Fervor
21:48 Stone Mining
26:44 Fletching
26:54 Padded Archer Armor
26:52 Horse Collar
28:12 Bodkin Arrow
29:28 Bow Saw
30:13 Wheelbarrow
30:08 Gold Mining
31:44 Hand Cart
32:17 Leather Archer Armor
35:15 Imperial Age
33:18 Yeomen
32:54 Town Watch
34:01 Ballistics
34:25 Town Patrol
34:46 Fortified Wall
35:18 Elite Longbowman
36:19 Conscription
36:37 Bracer
38:55 Chemistry
38:02 Siege Engineers
38:01 Warwolf
38:12 Treadmill Crane
39:52 Ring Archer Armor
Lim's
11:30 Feudal Age
16:55 Castle Age
14:55 Double-Bit Axe
15:15 Horse Collar
16:13 Wheelbarrow
21:37 Bow Saw
23:00 Stone Mining
23:30 Hand Cart
23:02 Loom
26:23 Gold Mining
27:26 Town Watch
29:10 Gold Shaft Mining
31:41 Imperial Age
31:01 Scale Barding Armor
30:57 Scale Mail Armor
30:58 Padded Archer Armor
30:48 Fletching
31:09 Forging
31:46 Heavy Plow
32:12 Chain Barding Armor
32:43 Chain Mail Armor
33:05 Coinage
32:48 Guilds
33:02 Town Patrol
34:35 Chemistry
33:56 Ballistics
35:48 Parthian Tactics
34:43 Heavy Cavalry Archer
36:41 Banking
36:30 Leather Archer Armor
36:11 Bodkin Arrow
36:52 Plate Barding Armor
36:52 Iron Casting
GerAoe
11:52 Feudal Age
13:19 Loom
17:43 Castle Age
15:59 Double-Bit Axe
16:29 Forging
16:07 Horse Collar
20:48 Bow Saw
21:26 Heavy Plow
22:04 Wheelbarrow
21:24 Loom
23:11 Gold Mining
23:18 Stone Mining
27:19 Hand Cart
31:10 Imperial Age
29:30 Iron Casting
28:58 Scale Mail Armor
29:05 Ballistas
29:53 Ballistics
30:07 Man-at-Arms
31:07 Chain Mail Armor
31:08 Squires
30:49 Long Swordsman
31:18 Heavy Scorpion
33:01 Chemistry
33:21 Blast Furnace
34:36 Siege Engineers
33:54 Legionary
Connection lost

Rejoining the realm…

Still unreachable

The connection could not be restored.

Session expired

The server has moved on; the page needs a fresh start.